 Dungeon Crawl Stone Soup version 0.18-a0-1312-gf98331d (webtiles) character file.

1407 Duffy the Grappler (level 8, 0/62 (63) HPs)
             Began as a Ghoul Fighter on Feb 14, 2016.
             Was a Priest of Cheibriados.
             Slain by a killer bee (6 damage)
             ... on level 7 of the Dungeon.
             The game lasted 00:05:18 (5636 turns).

Duffy the Grappler (Ghoul Fighter)                  Turns: 5636, Time: 00:05:18

HP:   0/62 (63)     AC:  8    Str: 33    XL:     8   Next: 70%
MP:   7/7           EV:  8    Int: 10    God:    Cheibriados [***...]
Gold: 314           SH:  0    Dex: 17    Spells: 0 memorised, 7 levels left

rFire  . . .     SeeInvis .       - Unarmed
rCold  + . .     Gourm    .     D - +0 chain mail
rNeg   + + +     Faith    .     (no shield)
rPois  ∞         Spirit   .     (no helmet)
rElec  .         Dismiss  .     (no cloak)
rCorr  .         Reflect  .     (no gloves)
SustAt .         Harm     .     (no boots)
MR     .....                    (no amulet)
Stlth  ..........               (no ring)
                                q - +6 ring of strength

@: rotting, very slow, not resistant to hostile enchantments, extremely
unstealthy
A: rotting body, claws 1, carnivore 3, cold resistance 1, negative energy
resistance 3, slow regeneration 1, torment resistance, unbreathing
a: Bend Time, Temporal Distortion, Renounce Religion


You were on level 7 of the Dungeon.
You worshipped Cheibriados.
Cheibriados was most pleased with you.
You were not hungry.

You visited 2 branches of the dungeon, and saw 8 of its levels.

You collected 314 gold pieces.


Innate Abilities, Weirdness & Mutations

Your body is rotting away.
You thrive on raw meat.
You are immune to poison.
You have sharp fingernails.
You are carnivorous and can eat meat at any time.
Your flesh is cold resistant.
You are immune to negative energy.
You regenerate slowly when monsters are visible.
You are immune to unholy pain and torment.
You can survive without breathing.


   Skills:
 - Level 3.2 Fighting
 - Level 2.6 Armour
   Level 2.6 Shields
 + Level 11.4 Unarmed Combat


You had 7 spell levels left.
You didn't know any spells.

Inventory:

Missiles
 C - 5 tomahawks of dispersal (quivered)
 I - 12 poisoned needles
Armour
 D - a +0 chain mail (worn)
Jewellery
 q - a +6 ring of strength (left claw)
 A - an uncursed ring of fire
Wands
 h - a wand of disintegration (10/24)
 v - a wand of slowing (0/48)
 w - a wand of digging (12/24)
 z - a wand of flame (34/48)
Scrolls
 b - a scroll of magic mapping {unknown}
 e - 2 scrolls of enchant weapon {unknown}
 g - 7 scrolls of identify {unknown}
 k - 2 scrolls of enchant armour {unknown}
 l - a scroll of blinking {unknown}
 m - 3 scrolls of amnesia {unknown}
 n - 3 scrolls of remove curse {unknown}
 o - 2 scrolls of teleportation {unknown}
 r - a scroll of immolation {unknown}
 y - a scroll of recharging {unknown}
Potions
 a - a potion of berserk rage {unknown}
 c - 2 potions of might
 i - 2 potions of agility {unknown}
 j - 5 potions of curing {unknown}
 p - 2 potions of heal wounds {unknown}
 s - 2 potions of ambrosia {unknown}
 t - a potion of invisibility {unknown}
 u - a potion of cancellation {unknown}
 B - a potion of resistance {unknown}
 E - a potion of flight {unknown}
 G - 2 potions of degeneration {unknown}
Books
 f - a book of Dreams
 H - a book of the Dragon
Comestibles
 d - 5 meat rations
 x - a royal jelly
 F - a slice of pizza

Dungeon Overview and Level Annotations

Branches:
Dungeon (7/15)             Temple (1/1) D:4

Altars:
Ashenzari
Cheibriados
Dithmenos
Elyvilon
Fedhas
Gozag
Kikubaaqudgha
Makhleb
Nemelex Xobeh
Okawaru
Pakellas
Qazlal
Ru
Sif Muna
Trog
Vehumet
Xom
Yredelemnul
Zin
The Shining One


Message History

The giant gecko barely misses you. The killer bee closely misses you.
You are too injured to fight recklessly!
You are too injured to fight recklessly!
You are too injured to fight recklessly!
You are too injured to fight recklessly!
You are too injured to fight recklessly!
You are too injured to fight recklessly!
You are too injured to fight recklessly!
You are too injured to fight recklessly!
You are too injured to fight recklessly!
You are too injured to fight recklessly!
You are too injured to fight recklessly!
You are too injured to fight recklessly!
You are too injured to fight recklessly!
You are too injured to fight recklessly!
You are too injured to fight recklessly!
You are too injured to fight recklessly!
You are too injured to fight recklessly!
You are too injured to fight recklessly!
You are too injured to fight recklessly!
You are too injured to fight recklessly!
The killer bee barely misses you. The killer bee closely misses you.
The killer bee barely misses you. The killer bee stings you.
The giant gecko bites you but does no damage.
The killer bee stings you but does no damage.
The killer bee barely misses you. The killer bee misses you.
The killer bee barely misses you. The giant gecko bites you.
The killer bee stings you. x2
The killer bee stings you but does no damage.
The killer bee stings you. The killer bee closely misses you.
The killer bee stings you. The killer bee closely misses you.
The killer bee stings you but does no damage.
The killer bee completely misses you. The killer bee stings you.
The killer bee stings you.
You die...

#.......#....
###............
#..............
#........$...
#..........
##..........
##lY..#......
##yy#...###...
#@.###........
#.### ##..... #
#.# .....# #.
....## # .....
...


You could see an ice beast, 2 killer bees and a giant gecko.

Action                   |  1- 3 |  4- 6 |  7- 9 || total
-------------------------+-------+-------+-------++-------
Melee: Unarmed           |    76 |   196 |   109 ||   381
  Eat: Chunk             |     5 |    29 |    14 ||    48

Notes
Turn   | Place    | Note
--------------------------------------------------------------
     0 | D:1      | Duffy the Ghoul Fighter began the quest for the Orb.
     0 | D:1      | Reached XP level 1. HP: 19/19 MP: 0/0
   349 | D:2      | Found an iron altar of Okawaru.
   357 | D:2      | Reached skill level 3 in Unarmed Combat
   357 | D:2      | Reached XP level 2. HP: 10/26 MP: 1/1
   718 | D:3      | Noticed Jessica
   731 | D:3      | Killed Jessica
   731 | D:3      | Reached skill level 4 in Unarmed Combat
   731 | D:3      | Reached XP level 3. HP: 26/30 MP: 2/2
   852 | D:4      | Found a staircase to the Ecumenical Temple.
   865 | Temple   | Entered the Ecumenical Temple
   872 | Temple   | Became a worshipper of Cheibriados the Contemplative
   984 | D:1      | Reached XP level 4. HP: 34/37 MP: 3/3
  1642 | D:1      | Reached * piety under Cheibriados
  1866 | D:2      | Reached skill level 5 in Unarmed Combat
  2558 | D:3      | Reached XP level 5. HP: 26/45 MP: 4/4
  2748 | D:3      | Noticed Natasha
  2760 | D:3      | Killed Natasha
  2961 | D:3      | Noticed Natasha
  2981 | D:2      | Found a shattered altar of Ashenzari.
  3013 | D:3      | Killed Natasha
  3013 | D:3      | Reached skill level 6 in Unarmed Combat
  3065 | D:3      | Noticed Natasha
  3072 | D:3      | Killed Natasha
  3341 | D:3      | Found a bloodstained altar of Trog.
  3342 | D:3      | Found a sparkling altar of Nemelex Xobeh.
  3434 | D:4      | Reached XP level 6. HP: 51/51 MP: 5/5
  3451 | D:4      | Reached ** piety under Cheibriados
  3539 | D:4      | Reached skill level 7 in Unarmed Combat
  3891 | D:5      | Entered Level 5 of the Dungeon
  4141 | D:5      | Found a glowing golden altar of the Shining One.
  4145 | D:5      | Noticed an ice beast
  4152 | D:5      | Killed an ice beast
  4152 | D:5      | Reached skill level 8 in Unarmed Combat
  4152 | D:5      | Reached XP level 7. HP: 31/57 MP: 6/6
  4520 | D:5      | Reached skill level 9 in Unarmed Combat
  4901 | D:6      | Reached *** piety under Cheibriados
  4913 | D:6      | Reached XP level 8. HP: 57/63 MP: 7/7
  4982 | D:6      | Reached skill level 10 in Unarmed Combat
  5261 | D:6      | Reached skill level 11 in Unarmed Combat
  5636 | D:7      | Slain by a killer bee

Vault maps used:
D:1:      dpeg_arrival_windows_large_door
D:2:      lemuel_upstairs_altar, hangedman_decor_slide_cut, okawaru_trees_2
D:3:      minitemple, uniq_jessica, uniq_natasha
D:4:      minmay_temple_entry_grid, first_bread, minmay_misc_feat_hallway,
          kennysheep_dice
D:5:      basic_altar
D:6:      kennysheep_big_flooded_room, minmay_misc_feat_ornament,
          hangedman_decor_growths, minmay_unpleasant_kobolds
Temple:   nicolae_temple_no_exploring_needed

Vanquished Creatures
  An ice beast
  A sky beast
  2 ogres
  A big kobold
  4 giant frogs
  A scorpion
  A killer bee
  4 crimson imps
  2 jellies
  A hound
  An iguana
  An orc priest Jessica Natasha (thrice)
  4 worker ants
  7 adders
  A shadow imp
  An adder zombie
  6 worms
  A giant gecko
  5 orcs
  2 giant cockroaches
  5 goblins
  8 hobgoblins
  8 jackals
  3 quokkas
  A ball python
  11 bats
  A giant newt
  13 kobolds
  2 quokka zombies
  9 rats
112 creatures vanquished.
